 Dungeon Crawl Stone Soup version 0.20.1-1-g8b1a95d (console) character file.

630 hilaritas the Conjurer (level 7, 0/39 HPs)
             Began as a Deep Elf Conjurer on Aug 25, 2017.
             Slain by a gnoll
             ... wielding a +0 spear
              (7 damage)
             ... on level 5 of the Dungeon.
             The game lasted 00:15:21 (5312 turns).

hilaritas the Conjurer (Deep Elf Conjurer)          Turns: 5312, Time: 00:15:22

Health: 0/39       AC:  7    Str: 11    XL:     7   Next: 24%
Magic:  3/18       EV: 14    Int: 21    God:
Gold:   102        SH:  0    Dex: 15    Spells: 8/18 levels left

rFire    . . .     SeeInvis .   o - +1 short sword (protect)
rCold    . . .     Gourm    .   (no shield)
rNeg     + . .     Faith    .   a - +0 robe
rPois    +         Spirit   .   (no helmet)
rElec    .         Reflect  .   u - +1 cloak
rCorr    .         Harm     .   d - +2 pair of gloves
MR       .....                  (no boots)
Stlth    ++........             (no amulet)
Regen    0.2/turn               r - ring of positive energy
MPRegen  0.2/turn               y - ring of poison resistance

@: mighty
A: no striking features
a: no special abilities


You were on level 5 of the Dungeon.
You were very hungry.

You visited 1 branch of the dungeon, and saw 5 of its levels.

You collected 257 gold pieces.
You spent 155 gold pieces at shops.

Inventory:

Hand Weapons
 o - a +1 short sword of protection (weapon)
 p - a +0 dagger
Missiles
 h - 95 arrows
 n - 131 stones (quivered)
Armour
 a - a +0 robe (worn)
 d - a +2 pair of gloves (worn)
 u - a +1 cloak (worn)
Jewellery
 r - a ring of positive energy (left hand)
 y - a ring of poison resistance (right hand)
Wands
 A - a wand of lightning (8/15)
 C - a wand of enslavement (13/24)
Scrolls
 g - a scroll of recharging
 j - 3 scrolls of identify
 q - a scroll of enchant armour
 v - a scroll of fear
 D - a scroll of remove curse
Potions
 e - a potion of resistance {unknown}
 f - a potion of mutation {unknown}
 k - 2 potions of flight
 l - 2 potions of curing {unknown}
 m - a potion of cancellation {unknown}
 t - a potion of heal wounds {unknown}
 w - 2 potions of might
 x - a potion of lignification {unknown}
 B - a potion of brilliance {unknown}
Books
 b - a book of Conjurations

   Spells                             Type                      Level
   a - Magic Dart                     Conjuration                  1
   b - Searing Ray                    Conjuration                  2
   c - Dazzling Spray                 Conjuration/Hexes            3
   d - Fulminant Prism                Conjuration/Hexes            4
   e - Force Lance                    Conjuration/Translocation    4
   f - Iskenderun's Mystic Blast      Conjuration                  4
Comestibles
 c - 10 bread rations
 i - 6 fruits
 s - a royal jelly
 z - a meat ration


   Skills:
 * Level 1.7 Fighting
 * Level 3.6 Dodging
 - Level 2.4 Stealth
 - Level 6.0 Spellcasting
 * Level 7.5 Conjurations
 - Level 2.1 Hexes


You had 8 spell levels left.
You knew the following spells:

 Your Spells              Type           Power        Failure   Level  Hunger
a - Magic Dart            Conj           ####         1%          1    None
b - Searing Ray           Conj           #####.       1%          2    None
c - Dazzling Spray        Conj/Hex       ####..       4%          3    ##.....
d - Iskenderun's Mystic   Conj           #####...     4%          4    ####...


Dungeon Overview and Level Annotations

Branches:
Dungeon (5/15)
 Temple: D:4-7

Altars:
Elyvilon
Fedhas
Gozag
Hepliaklqana
Okawaru
Ru
Uskayaw
Xom
The Shining One

Shops:
D:5 *[

Annotations:
D:5 Alarak's ghost, novice DsGl


Message History

The searing ray hits Alarak's ghost.
Alarak's ghost is severely damaged.
Alarak's ghost hits you but does no damage.
The searing ray hits Alarak's ghost.
Alarak's ghost is almost destroyed.
You finish channeling your searing ray.
Alarak's ghost hits you.
* * * LOW HITPOINT WARNING * * *
Alarak's ghost closely misses you.
There is an open door here.
Casting: Searing Ray
Confirm with . or Enter, or press ? or * to list all spells.
Aiming: Searing Ray
Press: ? - help, Shift-Dir - straight line, f - gnoll, p - Alarak's ghost
Aim: a gnoll, wielding a spear The searing ray hits Alarak's ghost.
Alarak's ghost is almost destroyed. (Press . to maintain the ray.) Alarak's ghost closely misses you.
The gnoll hits you from afar with a spear!
You die...

##.# ###...##..........<.###
####..####.........#####..######
##..........#..)....###....# #.
.....#######.........##..### ##.
......# #.............## #..
....#.## #.............#######..
....#..# #.....g.########.##....
....##.## #....#W##≈?... #..#...#
........###....#@#≈≈$P...'#.#..##
....P.P....>...#.#;;(P....#≈#....
....P∩..=......#.#≈≈≈P≈...#≈##..#
....PPP.#......#≈##≈$.≈..##≈≈#.##
##......#......##≈##########≈##..
########.......##≈##≈$....#..#..
###.........#.#;;≈PP..'#.#.#
.............#.#;$)P....#.#..
..###....#...#.#≈≈..P...#≈#..


You could see 2 electric eels, Alarak's ghost and a gnoll.

Vanquished Creatures
  An ogre (D:4)
  A big kobold (D:3)
  A howler monkey (D:5)
  A crimson imp (D:5)
  A centaur zombie (D:5)
  An orc priest (D:4)
  A hound (D:4)
  A bullfrog skeleton (D:5)
  3 worker ants
  4 gnolls (D:3)
  4 adders
  2 shadow imps (D:5)
  3 adder skeletons
  7 worms
  5 dart slugs
  2 leopard geckos
  5 orcs
  2 ball pythons (D:3)
  4 giant cockroaches
  13 hobgoblins
  A quokka (D:3)
  9 bats
  3 frilled lizards
  6 goblins
  8 kobolds
  7 rats
96 creatures vanquished.

Notes
Turn   | Place    | Note
-------+----------+-------------------------------------------
     0 | D:1      | hilaritas the Deep Elf Conjurer began the quest for the Orb.
     0 | D:1      | Reached XP level 1. HP: 10/10 MP: 6/6
   358 | D:1      | Reached XP level 2. HP: 15/15 MP: 6/8
   362 | D:1      | Learned a level 2 spell: Searing Ray
   425 | D:1      | Reached skill level 5 in Conjurations
  1238 | D:2      | Reached XP level 3. HP: 19/19 MP: 5/10
  1726 | D:2      | Reached skill level 5 in Spellcasting
  1767 | D:2      | Found a faded altar of an unknown god.
  1827 | D:2      | Reached XP level 4. HP: 24/24 MP: 9/13
  1849 | D:2      | Learned a level 3 spell: Dazzling Spray
  1854 | D:2      | Learned a level 4 spell: Iskenderun's Mystic Blast
  2037 | D:2      | Found a white marble altar of Elyvilon.
  2044 | D:2      | Found a blossoming altar of Fedhas.
  2051 | D:2      | Found a hide-covered altar of Uskayaw.
  2058 | D:2      | Found a glowing golden altar of the Shining One.
  2065 | D:2      | Found a hazy altar of Hepliaklqana.
  2070 | D:2      | Found an iron altar of Okawaru.
  2081 | D:2      | Found a shimmering altar of Xom.
  2973 | D:3      | Reached skill level 1 in Hexes
  2979 | D:3      | Reached XP level 5. HP: 28/28 MP: 3/15
  3233 | D:3      | Reached skill level 6 in Conjurations
  3538 | D:4      | Reached XP level 6. HP: 32/32 MP: 11/17
  3623 | D:4      | Found an opulent altar of Gozag.
  3668 | D:4      | Reached skill level 1 in Fighting
  4237 | D:4      | Found a sacrificial altar of Ru.
  4412 | D:5      | Entered Level 5 of the Dungeon
  4487 | D:5      | Reached skill level 7 in Conjurations
  4618 | D:5      | Found Oxzal's Assorted Antiques.
  4627 | D:5      | Bought a gilded ring for 155 gold pieces
  4680 | D:5      | Reached XP level 7. HP: 38/38 MP: 11/18
  4965 | D:5      | Found Baupn's Armour Emporium.
  5294 | D:5      | Noticed Alarak's ghost (novice DsGl)
  5312 | D:5      | Slain by a gnoll

Skill      XL: |  1  2  3  4  5  6 |
---------------+-------------------+-----
Conjurations   | 5 6 7 |  7.5
Spellcasting   | 4 5 6 |  6.0
Hexes          | 2 |  2.1
Fighting       | 1 |  1.7
Dodging        | 3 |  3.6
Stealth        | |  2.4

Action                   |  1- 3 |  4- 6 |  7- 9 || total
-------------------------+-------+-------+-------++-------
Melee: Dagger            |       |     4 |       ||     4
       Short sword       |       |     2 |       ||     2
 Cast: Magic Dart        |    91 |   109 |    21 ||   221
       Searing Ray       |       |    12 |     6 ||    18
  Use: Scroll            |       |    11 |       ||    11
       Potion            |       |       |     1 ||     1
  Eat: Chunk             |     3 |     8 |     1 ||    12
Armor: Robe              |     2 |     3 |     7 ||    12
Dodge: Dodged            |     4 |    13 |     8 ||    25
